 Dungeon Crawl Stone Soup version 0.23.0 (webtiles) character file.

Game seed: 580247735580991497

42 Milting the Grave Robber (level 3, 0/24 HPs)
             Began as a Vampire Necromancer on Feb 15, 2019.
             Succumbed to a worker ant's poison
             ... on level 4 of the Dungeon.
             The game lasted 00:18:12 (2622 turns).

Milting the Grave Robber (Vampire Necromancer)      Turns: 2622, Time: 00:18:12

Health: 0/24       AC:  7    Str:  7    XL:     3   Next: 33%
Magic:  4/6        EV: 13    Int: 18    God:
Gold:   97         SH:  0    Dex: 14    Spells: 4/6 levels left

rFire    . . .     SeeInvis +     - Unarmed
rCold    . . .     Gourm    .   (no shield)
rNeg     . . .     Faith    .   g - +0 robe
rPois    .         Spirit   +   (no helmet)
rElec    .         Reflect  .   m - scarf {Spirit}
rCorr    .         Harm     .   j - +2 pair of gloves
MR       .....                  (no boots)
Stlth    +++.......             (no amulet)
HPRegen  0.28/turn              i - +2 ring of protection
MPRegen  0.10/turn              (no ring)

@: lethally poisoned (0 -> -7), regenerating quickly
A: rotting body, fangs 3, see invisible, unbreathing
a: no special abilities


You were on level 4 of the Dungeon.
You were full.

You visited 1 branch of the dungeon, and saw 4 of its levels.

You collected 97 gold pieces.

Inventory:

Missiles
 s - a poisoned tomahawk (quivered)
Armour
 a - a +0 robe
 g - a +0 robe (worn)
 j - a +2 pair of gloves (worn)
 m - a scarf of spirit shield (worn)
 r - a +0 pair of gloves
Jewellery
 c - an uncursed ring of stealth {unknown}
 i - a +2 ring of protection (left hand)
Scrolls
 e - a scroll of immolation {unknown}
 f - a scroll of noise {unknown}
 h - 5 scrolls of identify {unknown}
 k - 2 scrolls of blinking {unknown}
 l - 2 scrolls of remove curse {unknown}
 p - 3 scrolls of amnesia {unknown}
 q - a scroll of teleportation {unknown}
Potions
 b - a potion of flight {unknown}
 d - a potion of heal wounds {unknown}
 n - 4 potions of curing {unknown}
 o - 2 potions of lignification {unknown}


   Skills:
 + Level 2.6 Dodging
 * Level 4.2 Stealth
 + Level 1.0 Unarmed Combat
 + Level 2.3 Spellcasting
 + Level 4.6 Necromancy


You had 4 spell levels left.
You knew the following spells:

 Your Spells              Type           Power        Failure   Level  Hunger
a - Pain                  Necr           ###.         2%          1    #......
b - Animate Skeleton      Necr           N/A          2%          1    #......

Your spell library contained the following spells:

 Spells                   Type           Power        Failure   Level  Hunger
 Vampiric Draining        Necr           ###.......   8%          3    ###....
 Regeneration             Chrm/Necr      ##........   21%         3    ###....
 Animate Dead             Necr           N/A          26%         4    #####..


Dungeon Overview and Level Annotations

Branches:
Dungeon (3/15)

Altars:

Annotations:
D:3 2 transporters, Morgius's ghost, amateur MiFi


Innate Abilities, Weirdness & Mutations

Your body is rotting away.
You thrive on raw meat.
Your natural rate of healing is unusually fast.
You have razor-sharp teeth.
You have supernaturally acute eyesight. (SInv)
You can survive without breathing.


Message History

Casting: Pain (safe; 2% risk of failure)
Confirm with . or Enter, or press ? or * to list all spells.
Aiming: Pain (safe; 2% risk of failure)
Press: ? - help, Shift-Dir - straight line, f - worker ant
Aim: a worker ant (moderately wounded, chance to defeat MR: 84%)
The worker ant writhes in agony!
* * * LOW HITPOINT WARNING * * *
You feel sick. The worker ant bites you.
* * * LOW HITPOINT WARNING * * *
* * * LOW HITPOINT WARNING * * *
You feel sick.
* * * LOW HITPOINT WARNING * * *
You feel sick.
A hound skeleton comes into view.
* * * LOW HITPOINT WARNING * * *
You feel sick. The worker ant barely misses you.
* * * LOW HITPOINT WARNING * * *
You feel sick.
There is a stone staircase leading up here.
You die...

#.. #... ... ... ..
..Z# .# ##......
..## #...##.# ...#
. ##...##.##...#..
###...............
##.......@.........
.........a........#
...#.............#
..........#......#
..##....#..........
#...##..##...##.
...... #...##.##
....... #..## ..#
....... .... ...


You could see a worker ant and a hound skeleton.

Vanquished Creatures
  An adder (D:2)
  2 dart slugs (D:1)
  2 leopard geckos (D:2)
  2 giant cockroaches
  6 goblins
  A kobold (D:1)
  5 bats
  5 frilled lizards
  2 rats (D:1)
26 creatures vanquished.

Vanquished Creatures (collateral kills)
  A frilled lizard (D:2)
  A kobold (D:1)
2 creatures vanquished.

Grand Total: 28 creatures vanquished

Notes
Turn   | Place    | Note
-------+----------+-------------------------------------------
     0 | D:1      | Milting the Vampire Necromancer began the quest for the
                  | Orb.
     0 | D:1      | Reached XP level 1. HP: 13/13 MP: 3/3
   335 | D:1      | Learned a level 1 spell: Animate Skeleton
  1018 | D:1      | Reached XP level 2. HP: 9/19 MP: 1/5
  1872 | D:2      | Reached XP level 3. HP: 21/24 MP: 6/6
  1905 | D:2      | Reached skill level 1 in Unarmed Combat
  2581 | D:3      | Found a transporter.
  2581 | D:3      | Noticed Morgius's ghost (amateur MiFi)
  2591 | D:3      | Found a transporter.
  2599 | D:3      | You fall through a shaft!
  2621 | D:4      | HP: 1/24 [poisoned by a worker ant]
  2622 | D:4      | Succumbed to a worker ant's poison

Skill      XL: |  1  2  3 |
---------------+----------+-----
Stealth        | 4 |  4.2
Unarmed Combat | 1 |  1.0
Dodging        | |  2.6
Spellcasting   | |  2.3
Necromancy     | |  4.6

Action                   || total
-------------------------++-------
Melee: Unarmed           ||   127
       Bite              ||    11
 Cast: Pain              ||    31
       Animate Skeleton  ||     3
 Stab: Sleeping          ||     5
  Eat: Corpse            ||    11
Armor: Robe              ||    42
Dodge: Dodged            ||    99
